 Dungeon Crawl Stone Soup version 0.26.1-2-gb8aa6d0cf2 (webtiles) character file.

Game seed: 2782569068588224501

483 hawla the Conjurer (level 6, -2/43 (45) HPs)
             Began as a Draconian Conjurer on Feb 11, 2021.
             Slain by a wight
             ... wielding a +0 short sword
              (7 damage)
             ... on level 4 of the Dungeon.
             The game lasted 00:08:52 (4984 turns).

hawla the Conjurer (Draconian Conjurer)             Turns: 4984, Time: 00:08:53

HP:   -2/43 (45)    AC:  7    Str: 10    XL:     6   Next: 87%
MP:   2/11          EV: 12    Int: 20    God:
Gold: 250           SH:  0    Dex:  9    Spells: 5/12 levels left

rFire    + . .     SeeInvis .   k - +3 quarterstaff (chaos)
rCold    . . .     Faith    .   (shield currently unavailable)
rNeg     . . .     Spirit   .   (armour unavailable)
rPois    .         Reflect  .   (helmet restricted)
rElec    .         Harm     .   f - +0 cloak
rCorr    .         Rampage  .   (no gloves)
Will     .....                  (no boots)
Stlth    ++........             (no amulet)
HPRegen  0.14/turn              (no ring)
MPRegen  0.12/turn              (no ring)

@: lightly drained
A: unfitting armour, horns 1, stinger 1, fire resistance 1, screaming 1,
cold-blooded, AC +6
a: no special abilities


You were on level 4 of the Dungeon.
You visited 1 branch of the dungeon, and saw 5 of its levels.

You collected 250 gold pieces.

Inventory:

Hand Weapons
 k - a +3 quarterstaff of chaos (weapon)
 l - the +3 war axe of Karma {freeze, +Fly rElec Dex-5}
   (You found it on level 4 of the Dungeon)

   It has been specially enchanted to freeze those struck by it, causing extra
   injury to most foes and up to half again as much damage against particularly
   susceptible opponents.
   It can also slow down cold-blooded creatures.
   It affects your dexterity (-5).
   It insulates you from electricity.
   It lets you fly.
Missiles
 d - 7 boomerangs (quivered)
 i - 35 poisoned darts
Armour
 f - a +0 cloak (worn)
Jewellery
 j - an uncursed amulet of faith {unknown}
Wands
 h - a wand of digging (2)
Scrolls
 c - 2 scrolls of enchant armour
Potions
 a - a potion of mutation
 b - a potion of curing
 e - a potion of might
 n - a potion of heal wounds {unknown}


   Skills:
 - Level 0.1 Fighting
 + Level 1.9 Staves
 - Level 0.1 Throwing
 - Level 1.7 Dodging
 - Level 1.7 Stealth
 - Level 0.1 Shields
 + Level 3.5 Spellcasting
 * Level 6.2 Conjurations
 * Level 3.2 Translocations
 - Level 0.1 Evocations


You had 5 spell levels left.
You knew the following spells:

 Your Spells              Type           Power        Failure   Level
a - Magic Dart            Conj           100%         1%          1
b - Searing Ray           Conj           56%          1%          2
c - Iskenderun's Mystic   Conj/Tloc      22%          19%         4

Your spell library contained the following spells:

 Spells                   Type           Power        Failure   Level
 Apportation              Tloc           32%          3%          1
 Dazzling Flash           Conj/Hex       32%          11%         3
 Animate Skeleton         Necr           6%           14%         1
 Corona                   Hex            3%           14%         1
 Summon Small Mammal      Summ           12%          14%         1
 Fulminant Prism          Conj/Hex       8%           36%         4


Dungeon Overview and Level Annotations

Branches:
Dungeon (5/15)
 Temple: D:4-7

Altars:
Vehumet
Zin

Annotations:
D:4 coins behind bars


Innate Abilities, Weirdness & Mutations

Your plain brown scales are hard. (AC +6)
You cannot fit into any form of body armour.
You are cold-blooded and may be slowed by cold attacks.
You have a pair of small horns on your head.
Your tail ends in a poisonous barb.
Your flesh is heat resistant. (rF+)
You occasionally shout uncontrollably at your foes.


Message History

It was a potion of mutation.
You feel extremely strange. A pair of horns grows on your head!
A poisonous barb forms on the end of your tail.
You feel the urge to shout.
You feel resistant to heat. The wight misses you.
You barely miss the wight.
Your tail-slap misses the wight.
The wight is heavily damaged.
The wight hits you with a +0 short sword.
* * * LOW HITPOINT WARNING * * *
You feel drained.
* * * LOW HITPOINT WARNING * * *
As you read the scroll labelled OQUOME EFUH, it crumbles to dust.
The creatures around you are filled with an inner flame!
It was a scroll of immolation.
The wight barely misses you.
As you read the scroll labelled SIMOVE WINOI, it crumbles to dust.
It is a scroll of amnesia.
Really abort (and waste the scroll)?
Okay, then.
The wight hits you with a +0 short sword!
You die...

...#.###.#...............#(######
####.....###...#########.#.#.....
..##########.###########.#.#.####
#.......##..>....................
#..####.##.#.[..#.######.#.#.#.#.
#..#.......#.....................
####.##.#..#.#.....#####.#.#.#.#.
.....<..#..#.####..# #..#.#.#.#.
####.......#..)z@..# #.##.#.#.#.
#.#####.#######.####.##.#.#.#<
#.......................#.#.##
#...............####.####.#.##
#.#####.############....#.#.##
#.# #.................#.#.## #.#
#######...........#.#.##
####.##### #.#########.#.#.##
#........# #.# #.#.#.##


You could see a wight (inner flame).

Vanquished Creatures
  An ogre (D:4)
  3 wights (D:4)
  An orc wizard (D:3)
  Crazy Yiuf (D:2)
  Jessica (D:2)
  An iguana (D:4)
  A worker ant (D:4)
  5 adders
  A white imp (D:5)
  An ooze (D:1)
  An adder skeleton (D:4)
  2 worms
  3 dart slugs
  A leopard gecko (D:2)
  6 orcs
  3 giant cockroaches
  5 goblins
  8 hobgoblins
  9 kobolds
  3 quokkas
  7 bats
  2 frilled lizards
  5 rats
71 creatures vanquished.

Notes
Turn   | Place    | Note
-------+----------+-------------------------------------------
     0 | D:1      | hawla the Draconian Conjurer began the quest for the Orb.
     0 | D:1      | Reached XP level 1. HP: 14/14 MP: 3/3
   635 | D:1      | Reached XP level 2. HP: 17/20 MP: 0/5
   642 | D:1      | Learned a level 2 spell: Searing Ray
  1519 | D:2      | Reached XP level 3. HP: 26/26 MP: 3/6
  1654 | D:2      | Noticed Jessica
  1684 | D:2      | Killed Jessica
  1685 | D:2      | Reached skill level 5 in Conjurations
  1685 | D:2      | Reached XP level 4. HP: 20/33 MP: 0/8
  1690 | D:2      | Learned a level 4 spell: Iskenderun's Mystic Blast
  2386 | D:2      | Found a runed translucent door.
  2387 | D:2      | Noticed Crazy Yiuf
  2446 | D:2      | Killed Crazy Yiuf
  2447 | D:2      | Reached skill level 1 in Translocations
  2608 | D:3      | Reached XP level 5. HP: 38/38 MP: 6/9
  3125 | D:3      | Reached skill level 1 in Staves
  3243 | D:3      | Found a faded altar of an unknown god.
  3361 | D:3      | Found a radiant altar of Vehumet.
  3919 | D:4      | Got a warped war axe
  3920 | D:4      | Identified the cursed +3 war axe of Karma {freeze, +Fly
                  | rElec Dex-5} (You found it on level 4 of the Dungeon)
  4165 | D:4      | Reached XP level 6. HP: 45/45 MP: 8/10
  4211 | D:4      | Reached skill level 6 in Conjurations
  4740 | D:4      | Found a glowing silver altar of Zin.
  4849 | D:5      | Entered Level 5 of the Dungeon
  4981 | D:4      | Gained mutation: You have a pair of small horns on your
                  | head. [potion of mutation]
  4981 | D:4      | Gained mutation: Your tail ends in a poisonous barb.
                  | [potion of mutation]
  4981 | D:4      | Gained mutation: You occasionally shout uncontrollably at
                  | your foes. [potion of mutation]
  4981 | D:4      | Gained mutation: Your flesh is heat resistant. (rF+)
                  | [potion of mutation]
  4984 | D:4      | Slain by a wight

Illustrated notes

Levels and vault maps discovered:
D:1:      lemuel_arrival_rhombus, layout_loops_corners
D:2:      layout_basic, uniq_jessica, uniq_crazy_yiuf_cottage
D:3:      layout_loops_ring, general_overflow_altar,
          chequers_ecumenical_altar_island
D:4:      layout_basic, zin_treasury
D:5:      layout_rooms, lemuel_doored_altar, nicolae_overflow_crystal_walls,
          nzn_hepliaklqana_mist_gate, basic_altar

Skill      XL: |  1  2  3  4  5  6 |
---------------+-------------------+-----
Conjurations   | 5 6 |  6.2
Translocations | 1 2 3 |  3.2
Spellcasting   | 3 |  3.5
Staves         | 1 |  1.9
Fighting       | |  0.1
Throwing       | |  0.1
Dodging        | |  1.7
Stealth        | |  1.7
Shields        | |  0.1
Evocations     | |  0.1

Action                   |  1- 3 |  4- 6 || total
-------------------------+-------+-------++-------
Melee: Unarmed           |     5 |       ||     5
       Whip              |    15 |     2 ||    17
       Tailslap          |     2 |     1 ||     3
       Quarterstaff      |       |    26 ||    26
 Cast: Magic Dart        |    17 |    16 ||    33
       Searing Ray       |    14 |    33 ||    47
       Iskenderun's Myst |       |     2 ||     2
  Use: Scroll            |     5 |     5 ||    10
       Potion            |       |     1 ||     1
Armor: Skin              |     5 |    15 ||    20
Dodge: Dodged            |     9 |    32 ||    41
